 Seeded DCSS version 0.25-a0-458-g6fc7858 (webtiles) character file.

Game seed: 4037872804680729407, levelgen mode: deterministic

70239 staltz the Covert (level 14, -17/157 HPs)
             Began as a Vampire Chaos Knight on Jan 31, 2020.
             Was a Plaything of Xom.
             Blown up by a cacodemon (35 damage)
             ... with a bolt of energy
             ... on level 3 of the Abyss on Feb 2, 2020.
             The game lasted 03:01:26 (23044 turns).

staltz the Covert (Vampire Chaos Knight)           Turns: 23044, Time: 03:01:27

Health: -17/157    AC: 27    Str: 15 (19) XL:     14   Next: 93%
Magic:  20/20      EV:  2    Int: 14 (16) God:    Xom [...*..]
Gold:   2010       SH: 15    Dex: 15      Spells: 13/13 levels left

rFire    . . .     SeeInvis +   a - +3 falchion (chaos)
rCold    . . .     Gourm    .   m - +3 shield
rNeg     + + +     Faith    +   (armour currently unavailable)
rPois    +         Spirit   .   (helmet currently unavailable)
rElec    .         Reflect  .   (cloak currently unavailable)
rCorr    .         Harm     .   (gloves currently unavailable)
MR       +....     NoTele   +   (boots currently unavailable)
Stlth    +++++.....             c - amulet of faith
HPRegen  0.56/turn              K - +3 ring of strength
MPRegen  0.17/turn              N - +3 ring of strength

@: tree-form, berserk cooldown, regenerating quickly, slowed, studying Staves,
very slow
A: no food, see invisible, deterioration 1, mutation resistance 2, screaming 1
a: Exsanguinate, Renounce Religion


You were on level 3 of the Abyss.
You worshipped Xom.
You were a favourite toy of Xom.
You were alive.
You were a tree.
You visited 4 branches of the dungeon, and saw 22 of its levels.
You visited the Abyss 1 time.
You also visited: Ice Cave.

You collected 2506 gold pieces.
You spent 496 gold pieces at shops.

Inventory:

Hand Weapons
 a - a +3 falchion of chaos (weapon)
 e - a +0 scimitar of distortion
 I - a +2 scimitar of flaming
Missiles
 l - 26 poisoned darts (quivered)
 E - 7 curare-tipped darts
Armour
 j - a scarf of resistance
 m - a +3 shield (worn)
 q - a +1 pair of boots (melded)
 w - a +2 cloak (melded)
 D - a +0 leather armour of magic resistance
 O - a +0 troll leather armour (melded)
 Q - a +2 pair of gloves (melded)
 U - a +0 hat (melded)
Jewellery
 c - an amulet of faith (around neck)
 y - an uncursed amulet of the gourmand
 B - a +5 ring of intelligence
 C - a +6 ring of intelligence
 K - a +3 ring of strength (left branch)
 N - a +3 ring of strength (right branch)
 S - a +2 ring of evasion
 Y - an uncursed ring of poison resistance
Wands
 g - a wand of random effects (23)
 h - a wand of polymorph (5)
 o - a wand of disintegration (11)
 u - a wand of paralysis (2)
 v - a wand of acid (14)
 T - a wand of flame (9)
 X - a wand of digging (2)
Scrolls
 f - 5 scrolls of remove curse
 n - 2 scrolls of immolation
 s - 3 scrolls of amnesia
 x - 2 scrolls of torment
 A - 4 scrolls of fog
 P - a scroll of magic mapping
 W - a scroll of vulnerability
 Z - a scroll of silence
Potions
 i - a potion of resistance
 p - a potion of brilliance
 r - 2 potions of degeneration
 z - 5 potions of flight
 G - 3 potions of cancellation
 J - a potion of might
 R - 2 potions of mutation
Books
 H - a manual of Staves
Comestibles
 M - 23 rations


   Skills:
 - Level 8.2 Fighting
 - Level 12.2 Long Blades
   Level 0.6 Polearms
 - Level 7.2 Throwing
 - Level 5.3 Armour
 - Level 8.8 Dodging
 + Level 12.7 Stealth
 - Level 12.1 Shields
 - Level 9.0 Evocations


You had 13 spell levels left.
You didn't know any spells.
Your spell library was empty.

Dungeon Overview and Level Annotations

Branches:
Dungeon (13/15)            Temple (0/1) D:4            Lair (6/6) D:9
  Swamp (1/4) Lair:4       Spider (0/4) Lair:2        Slime (0/5) Lair:5
    Orc (2/2) D:11            Elf (0/3) Orc:2        Vaults (0/5) D:13
  IceCv (visited)

Altars:
Ashenzari
Cheibriados
Dithmenos
Elyvilon
Fedhas
Gozag
Hepliaklqana
Kikubaaqudgha
Ru
Vehumet
Wu Jian
Xom
The Shining One
Jiyva

Shops:
D:10 *   Orc:2 [=[((

Annotations:
D:10 Dirihyb's ghost, novice GrFi
D:12 Kirke
Lair:1 exclusion: oklob plant
Swamp:1 Louise


Innate Abilities, Weirdness & Mutations

You do not eat.
Your natural rate of healing is unusually fast.
((You have razor-sharp teeth.))
You have supernaturally acute eyesight. (SInv)
((You can survive without breathing.))
((You have sharp toenails.))
((You are partially covered in thin metallic scales. (AC +2)))
Your body sometimes deteriorates upon taking damage.
You are somewhat resistant to both further mutation and mutation removal.
You occasionally shout uncontrollably at your foes.


Message History

The cacodemon hits you but does no damage.
You block the cacodemon's attack. You block the raiju's attack.
The cacodemon gestures at you.
You feel as though you will be slow longer.
You feel better.
The raiju bursts into living lightning!
The living lightning hits you.
* * * LOW HITPOINT WARNING * * *
The living lightning hits you!!
* * * LOW HITPOINT WARNING * * *
The raiju blinks! x3; The cacodemon barely misses you.
You riposte.
You completely miss the cacodemon. You block the cacodemon's attack.
The raiju bites you but does no damage.
You feel better.
The cacodemon hits you but does no damage.
You block the cacodemon's attack. You block the raiju's attack.
The cacodemon gestures at you. The bolt of energy hits you!!
You die...
Xom howls with laughter!

. # # # .#. .
#... . † # #
#.. .# . # #
...# #..# ...
#.# ... ## . .
###§### ... .
# ## #♣h#.. .
. . ..
#2#§#.#... # .
.. # ##3....##
.. .
(#32§3§##.. .
#.#.
.....###...##(
.#. # ....
..##.#..(
...## .# . .#.
.#.#...†#.#. .
. .5... .
...#...# .# #
..#.#..## #


You could see a cacodemon, a sixfirhy and a raiju.

Vanquished Creatures
  Gastronok (Lair:2)
  A ghost moth (D:13)
  Snorg (D:13)
  Josephine (Lair:5)
  An ogre mage (Orc:2)
  A vault guard (D:13)
  2 hydras (Swamp:1)
  Erolcha (D:13)
  8 two-headed ogres
  An alligator (Swamp:1)
  A spatial maelstrom (Abyss:3)
  A harpy (D:9)
  2 orc knights
  A deep elf mage (D:12)
  3 orc sorcerers
  An ugly thing (D:13)
  A shining eye (Lair:4)
  A manticore (D:13)
  5 cyclopes
  2 eyes of devastation
  4 elephants
  3 black mambas
  7 spiny frogs
  A yaktaur (Abyss:3)
  6 komodo dragons
  A centaur skeleton (D:13)
  A rime drake (Lair:6)
  2 efreet (D:13)
  15 trolls
  4 polar bears
  2 tyrant leeches
  A bog body (Swamp:1)
  A slime creature (Swamp:1)
  8 dream sheep
  5 raiju (Abyss:3)
  7 hornets
  9 hippogriffs
  12 blink frogs
  A redback (Lair:4)
  A ynoxinul (Abyss:3)
  A tarantella (Orc:1)
  3 wraiths
  10 spriggans (Lair:6)
  An air elemental (Abyss:3)
  A human (shapeshifter) (Lair:1)
  A shadow (D:12)
  10 yaks
  A vampire (D:11)
  A basilisk (Lair:1)
  4 hogs (D:12)
  A golden eye (D:9)
  2 hungry ghosts (D:12)
  7 humans (D:13)
  3 vampire mosquitoes (Swamp:1)
  2 large abominations (Abyss:3)
  4 swamp worms
  10 water moccasins
  A naga (Orc:2)
  2 porcupines (Lair:3)
  A floating eye (Swamp:1)
  23 orc warriors
  8 black bears
  A phantom (D:11)
  4 sky beasts
  2 necrophages
  An eye of draining (D:13)
  9 ogres
  3 boggarts (Lair:6)
  52 wolves
  12 centaurs
  5 crocodiles
  2 big kobolds
  17 bullfrogs
  4 earth elementals
  2 wyvern skeletons
  2 scorpions (D:5)
  13 killer bees
  3 howler monkeys
  5 crimson imps
  A bullfrog zombie (D:5)
  2 hounds
  22 orc priests
  2 jellies
  A gnoll shaman (D:9)
  25 orc wizards
  5 bullfrog skeletons
  2 iguanas
  14 worker ants
  3 worker ant zombies
  10 gnolls
  3 howler monkey skeletons
  14 adders
  4 shadow imps
  6 white imps
  An ooze (D:6)
  2 adder zombies
  3 worms
  4 dart slugs
  2 leopard geckos
  88 orcs
  8 bats
  4 giant cockroaches
  3 goblins
  5 hobgoblins
  12 jackals
  3 quokkas
  A ball python (D:1)
  4 frilled lizards
  A jackal skeleton (D:7)
  11 kobolds
  2 leopard gecko skeletons
  A leopard gecko zombie (D:8)
  2 quokka skeletons
  2 rats
  A fungus (Lair:2)
635 creatures vanquished.

Vanquished Creatures (collateral kills)
  A shambling mangrove (Swamp:1)
  An alligator (Swamp:1)
  3 two-headed ogres (Orc:2)
  An orb spider (shapeshifter) (Orc:2)
  A shining eye (Lair:4)
  2 elephants (Lair:4)
  2 spiny frogs
  4 trolls (Orc:2)
  A hornet (Lair:6)
  A slime creature (shapeshifter) (Swamp:1)
  A dream sheep (Lair:5)
  A hippogriff (Lair:1)
  4 blink frogs
  4 slime creatures (Swamp:1)
  3 spriggans (Lair:6)
  A wraith (Lair:5)
  A fire bat (Orc:2)
  A hog (D:12)
  An acid dragon (Lair:6)
  3 orc warriors
  3 black bears
  An ice beast (D:9)
  5 ogres
  4 wolves (Lair:6)
  2 crocodiles
  A quasit (D:9)
  A hound (D:8)
  A gnoll shaman (D:7)
  An iguana (D:9)
  5 orc wizards (Orc:2)
  A worker ant (D:9)
  2 gnolls
  An adder zombie (D:8)
  An orc (Orc:1)
66 creatures vanquished.

Vanquished Creatures (others)
  A vault guard (D:13)
  2 dancing weapons
  An ogre mage (Orc:2)
  2 deep trolls (Orc:2)
  A swamp dragon (Lair:4)
  2 polar bears (IceCv)
  A wraith (Lair:5)
  A spriggan (Lair:6)
  3 yaks (IceCv)
  A human (D:13)
  A hog (D:12)
  A swamp worm (Swamp:1)
  An orc warrior (D:11)
  An eye of draining (D:13)
  6 ogres
  A centaur (D:13)
  4 wolves
  A bullfrog (Lair:1)
  A crimson imp (D:8)
  7 white imps (Orc:1)
  A jackal (D:7)
  12 fungi
  3 plants
55 creatures vanquished.

Grand Total: 756 creatures vanquished

Notes
Turn   | Place    | Note
-------+----------+-------------------------------------------
     0 | D:1      | staltz the Vampire Chaos Knight began the quest for the
                  | Orb.
     0 | D:1      | Reached XP level 1. HP: 17/17 MP: 1/1
   249 | D:1      | XOM: smoke on damage
   251 | D:1      | Reached XP level 2. HP: 18/23 MP: 2/2
   271 | D:1      | XOM: divination: detect items
   426 | D:1      | XOM: harmless Erth miscast
   526 | D:1      | XOM: divination: detect items
   668 | D:2      | Reached XP level 3. HP: 29/29 MP: 3/3
   735 | D:2      | XOM: cloud trail
   810 | D:2      | XOM: mild Necr miscast
   844 | D:2      | XOM: mild Necr miscast
   900 | D:2      | Reached skill level 1 in Armour
  1106 | D:2      | Found a glowing golden altar of the Shining One.
  1209 | D:2      | Found a shattered altar of Ashenzari.
  1214 | D:2      | Reached XP level 4. HP: 25/34 MP: 4/4
  1302 | D:2      | XOM: silly message
  1372 | D:3      | XOM: butterfly on damage
  1489 | D:3      | Noticed a bullfrog
  1489 | D:3      | an orc priest changed into a bullfrog
  1491 | D:3      | XOM: harmless Pois miscast
  1492 | D:3      | Killed a bullfrog
  1492 | D:3      | Reached skill level 1 in Stealth
  1492 | D:3      | Reached XP level 5. HP: 24/40 MP: 5/5
  1692 | D:3      | XOM: silly message
  1792 | D:3      | XOM: scenery: create altars
  2139 | D:3      | Reached skill level 5 in Long Blades
  2394 | D:4      | Reached XP level 6. HP: 46/46 MP: 6/6
  2429 | D:4      | Found a staircase to the Ecumenical Temple.
  2451 | D:4      | Reached skill level 1 in Throwing
  2666 | D:4      | XOM: smoke on damage
  2695 | D:4      | XOM: summons 2 friendly demons
  2778 | D:4      | XOM: mild Tmut miscast
  2810 | D:4      | XOM: mild Chrm miscast
  2824 | D:4      | Found a sacrificial altar of Ru.
  2824 | D:4      | Found an ancient bone altar of Kikubaaqudgha.
  3064 | D:4      | XOM: cloud trail
  3083 | D:4      | Paralysed by you for 4 turns
  3205 | D:5      | Entered Level 5 of the Dungeon
  3221 | D:5      | Reached XP level 7. HP: 52/52 MP: 7/7
  3262 | D:5      | Found a white marble altar of Elyvilon.
  3294 | D:5      | XOM: 3-stop teleportation journey
  3305 | D:5      | XOM: give mutations
  3305 | D:5      | Gained mutation: Your muscles are strong. (Str +2) [Xom's
                  | grace]
  3305 | D:5      | Gained mutation: You are resistant to hostile enchantments.
                  | (MR+) [Xom's grace]
  3305 | D:5      | Gained mutation: You are somewhat resistant to further
                  | mutation. [Xom's grace]
  3374 | D:5      | XOM: enchant monster (good)
  3375 | D:5      | XOM: divination: magic mapping
  3381 | D:5      | Xom revived you
  3508 | D:5      | XOM: potion effect (might)
  3586 | D:5      | XOM: confuse monster(s)
  3662 | D:5      | XOM: divination: magic mapping
  3666 | D:5      | XOM: divination: detect creatures
  3851 | D:5      | XOM: divination: detect items
  4091 | D:6      | Reached XP level 8. HP: 58/60 MP: 8/8
  4162 | D:6      | XOM: enchant monster (bad)
  4265 | D:6      | XOM: potion effect (brilliance)
  4315 | D:6      | Found a shadowy altar of Dithmenos.
  4356 | D:6      | XOM: give mutation
  4356 | D:6      | Gained mutation: You occasionally shout uncontrollably at
                  | your foes. [Xom's mischief]
  4385 | D:6      | XOM: 2-stop teleportation journey
  4735 | D:6      | XOM: harmless Tmut miscast
  4736 | D:6      | XOM: give mutation
  4886 | D:7      | XOM: summons 1 hostile shadow creature
  4989 | D:7      | XOM: chaos cloud
  4996 | D:7      | XOM: silly message
  5003 | D:7      | XOM: swap monsters
  5009 | D:7      | XOM: medium Pois miscast
  5199 | D:7      | Reached skill level 1 in Evocations
  5212 | D:7      | Reached XP level 9. HP: 63/67 MP: 9/9
  5257 | D:7      | Found an ornate altar of the Wu Jian Council.
  5280 | D:7      | Found a shimmering altar of Xom.
  5399 | D:7      | XOM: 3-stop teleportation journey
  5409 | D:7      | XOM: enchant monster (bad)
  5679 | D:8      | Reached skill level 5 in Fighting
  5679 | D:8      | Reached skill level 5 in Dodging
  5786 | D:8      | Noticed a two-headed ogre
  5793 | D:8      | XOM: confusion
  5833 | D:8      | XOM: potion effect (might)
  5838 | D:8      | Killed a two-headed ogre
  5838 | D:8      | Reached skill level 5 in Stealth
  5870 | D:8      | XOM: harmless Erth miscast
  6245 | D:8      | XOM: divination: magic mapping
  6312 | D:7      | XOM: summons friendly ufetubus
  6340 | D:7      | XOM: medium Erth miscast
  6458 | D:8      | Found a snail-covered altar of Cheibriados.
  6613 | D:8      | Reached skill level 5 in Throwing
  6643 | D:8      | XOM: confuse monster(s)
  6758 | D:8      | XOM: enchant monster (good)
  6798 | D:8      | Reached XP level 10. HP: 74/74 MP: 11/11
  6977 | D:9      | Noticed an elephant
  6996 | D:9      | XOM: confuse monster(s)
  7018 | D:9      | Killed an elephant
  7053 | D:9      | XOM: medium Tmut miscast
  7180 | D:9      | XOM: swap monsters
  7185 | D:9      | Noticed a harpy
  7185 | D:9      | a hippogriff changed into a harpy
  7185 | D:9      | XOM: polymorph hippogriff -> harpy
  7194 | D:9      | Killed a harpy
  7285 | D:9      | Found a staircase to the Lair.
  7302 | D:9      | XOM: polymorph basilisk -> golden eye
  7334 | D:9      | XOM: summons friendly quasit
  7430 | D:9      | XOM: mild Chrm miscast
  7526 | D:9      | XOM: fog
  7628 | D:9      | Noticed a two-headed ogre
  7639 | D:9      | Killed a two-headed ogre
  7728 | D:9      | XOM: divination: detect creatures
  7811 | D:9      | XOM: cloud trail
  7835 | Lair:1   | Entered Level 1 of the Lair of Beasts
  7848 | Lair:1   | XOM: noise
  7851 | Lair:1   | XOM: summons 3 friendly demons
  7963 | Lair:1   | Reached skill level 5 in Armour
  8057 | Lair:1   | Found a blossoming altar of Fedhas.
  8075 | Lair:1   | Noticed an oklob plant
  8204 | Lair:1   | XOM: summons 10 friendly demons
  8253 | Lair:1   | XOM: confusion (+ monsters)
  8256 | Lair:1   | XOM: 5-stop teleportation journey
  8560 | Lair:1   | XOM: severe Erth miscast
  8668 | D:9      | Found a radiant altar of Vehumet.
  8679 | D:10     | Entered Level 10 of the Dungeon
  8721 | D:10     | XOM: enchant monster (bad)
  8738 | D:10     | XOM: 1-stop teleportation journey
  8771 | D:10     | XOM: 1-stop teleportation journey
  8848 | D:10     | XOM: noise
  8885 | D:10     | Reached XP level 11. HP: 83/83 MP: 12/12
  8930 | D:10     | XOM: mild Hex miscast
  9037 | D:10     | XOM: noise
  9072 | D:10     | XOM: divination: detect creatures
  9079 | D:10     | XOM: confuse monster(s)
  9081 | D:10     | XOM: harmless Ice miscast
  9102 | D:10     | Reached skill level 1 in Shields
  9184 | D:10     | XOM: silly message
  9266 | D:10     | XOM: 1-stop teleportation journey
  9292 | D:10     | XOM: give mutation
  9292 | D:10     | Lost mutation: You occasionally shout uncontrollably at
                  | your foes. [Xom's mischief]
  9293 | D:10     | XOM: 1-stop teleportation journey
  9568 | D:10     | XOM: give mutation
  9568 | D:10     | Gained mutation: You possess an exceptional clarity of
                  | mind. [Xom's grace]
  9579 | D:11     | Reached skill level 10 in Long Blades
  9608 | D:10     | Found a runed translucent gate.
  9678 | D:10     | Found a runed translucent gate.
  9679 | D:10     | Found a runed translucent gate.
  9685 | D:10     | Found an opulent altar of Gozag.
  9695 | D:10     | Found Veceylosye's Assorted Antiques.
  9695 | D:10     | Noticed Dirihyb's ghost (novice GrFi)
  9772 | D:11     | XOM: potion effect (might)
  9775 | D:11     | Found a staircase to the Orcish Mines.
  9783 | D:11     | XOM: divination: magic mapping
  9806 | D:11     | XOM: cleaving
  9808 | D:11     | XOM: fog
  9810 | D:11     | XOM: mild Fire miscast
  9890 | D:11     | XOM: summons 3 hostile shadow creatures
 10088 | D:11     | Noticed a two-headed ogre
 10091 | D:11     | XOM: chaos upgrade
 10100 | D:11     | XOM: noise
 10111 | D:11     | XOM: cast spell 'Statue Form'
 10117 | D:11     | Killed a two-headed ogre
 10120 | D:11     | XOM: god gift: 5 rations
 10179 | D:12     | XOM: 2-stop teleportation journey
 10201 | D:12     | XOM: scenery: 1 doors open
 10326 | D:11     | XOM: swap monsters
 10479 | D:11     | Found a hazy altar of Hepliaklqana.
 10504 | D:11     | XOM: summons 3 hostile demons
 10852 | D:10     | XOM: divination: detect creatures
 10961 | Lair:2   | Found a hole to the Spider Nest.
 11026 | Lair:2   | XOM: god gift: plate armour {god gift}
 11075 | Lair:2   | XOM: 1-stop teleportation journey
 11168 | Lair:2   | Reached skill level 10 in Stealth
 11344 | Lair:2   | XOM: noise
 11449 | Lair:2   | XOM: summons friendly ufetubus
 11477 | Lair:2   | XOM: confuse monster(s)
 11486 | Lair:2   | XOM: confuse monster(s)
 11491 | Lair:2   | XOM: divination: detect items
 11542 | Lair:2   | Noticed Gastronok
 11547 | Lair:2   | XOM: scenery: create altars
 11610 | Lair:2   | Killed Gastronok
 11610 | Lair:2   | Reached XP level 12. HP: 87/91 MP: 14/14
 11641 | Lair:2   | XOM: god gift: wand of clouds (4)
 11757 | Lair:2   | XOM: polymorph wyvern -> sky beast
 11863 | Lair:3   | XOM: give mutations
 11863 | Lair:3   | Gained mutation: You have sharp toenails. [Xom's grace]
 11863 | Lair:3   | Gained mutation: You are somewhat resistant to both further
                  | mutation and mutation removal. [Xom's grace]
 11919 | Lair:3   | XOM: 1-stop teleportation journey
 12061 | Lair:3   | XOM: summons 12 friendly demons
 12089 | Lair:4   | XOM: cast spell 'Call Canine Familiar'
 12119 | Lair:4   | Found a staircase to the Swamp.
 12127 | Lair:4   | XOM: polymorph swamp worm -> swamp dragon
 12201 | Lair:4   | XOM: divination: detect items
 12217 | Lair:4   | XOM: divination: detect items
 12257 | Lair:4   | Gained mutation: You are partially covered in thin metallic
                  | scales. (AC +2) [a shining eye]
 12263 | Lair:4   | XOM: summons 7 friendly demons
 12295 | Lair:4   | Gained mutation: Your magical capacity is low. (-10% MP) [a
                  | shining eye]
 12320 | Lair:4   | XOM: summons friendly shadow imp
 12348 | Lair:4   | XOM: cleaving
 12487 | Lair:4   | XOM: summons 4 friendly demons
 12494 | Lair:4   | XOM: summons friendly ufetubus
 12504 | Lair:4   | XOM: divination: detect creatures
 12524 | Lair:4   | XOM: summons friendly ufetubus
 12623 | Lair:4   | XOM: 1-stop teleportation journey
 12642 | Lair:4   | XOM: summons 3 friendly demons
 12719 | Lair:4   | XOM: scenery: create altars
 12841 | Lair:4   | XOM: scenery: 2 doors open
 12844 | Lair:4   | XOM: fog
 12855 | Lair:4   | XOM: scenery: create altars
 12868 | Lair:4   | Gained mutation: Armour fits poorly on your strangely
                  | shaped body. [a shining eye]
 12907 | Lair:4   | XOM: enchant monster (good)
 12921 | Lair:4   | XOM: divination: detect creatures
 12998 | Lair:4   | Reached skill level 5 in Evocations
 13062 | Lair:4   | XOM: harmless Conj miscast
 13157 | Lair:4   | XOM: harmless Hex miscast
 13194 | Lair:4   | XOM: mild Air miscast
 13361 | Lair:5   | Found a staircase to the Slime Pits.
 13361 | Lair:5   | Found a viscous altar of Jiyva.
 13437 | Lair:5   | Found a sacrificial altar of Ru.
 13438 | Lair:5   | XOM: noise
 13445 | Lair:5   | XOM: potion effect (haste)
 13467 | Lair:5   | XOM: silly message
 13471 | Lair:5   | XOM: summons 4 friendly demons
 13480 | Lair:5   | Reached skill level 5 in Shields
 13491 | Lair:5   | Noticed an eight-headed hydra
 13520 | Lair:5   | XOM: potion effect (haste)
 13547 | Lair:4   | XOM: cloud trail
 13648 | Lair:5   | Noticed Josephine
 13661 | Lair:5   | a 12-headed hydra changed into a tyrant leech
 13661 | Lair:5   | XOM: polymorph 12-headed hydra -> tyrant leech
 13690 | Lair:5   | Killed Josephine
 13691 | Lair:5   | XOM: destruction
 13701 | Lair:5   | XOM: confuse monster(s)
 13890 | Lair:5   | XOM: noise
 13898 | Lair:5   | XOM: noise
 13949 | Lair:5   | XOM: god gift: 4 rations
 13973 | Lair:5   | Reached XP level 13. HP: 97/98 MP: 15/15
 14039 | Lair:5   | XOM: harmless Erth miscast
 14120 | Lair:5   | XOM: summons 8 friendly demons
 14200 | Lair:5   | Upgraded the game from 0.25-a0-448-g1f46b9f to
                  | 0.25-a0-458-g6fc7858
 14403 | Lair:5   | XOM: mild Tmut miscast
 14413 | Lair:6   | Entered Level 6 of the Lair of Beasts
 14518 | Lair:6   | XOM: cast spell 'Summon Hydra'
 14567 | Lair:6   | XOM: fog
 14576 | Lair:6   | XOM: blink monster(s)
 14655 | Lair:6   | XOM: 5-stop teleportation journey
 14659 | Lair:6   | XOM: divination: magic mapping
 14685 | Lair:6   | XOM: harmless Pois miscast
 14686 | Lair:6   | XOM: fog
 14692 | Lair:6   | XOM: cleaving
 14833 | Lair:6   | XOM: summons 2 hostile demons
 14988 | Lair:6   | XOM: divine lightning
 15000 | Lair:6   | XOM: 3-stop teleportation journey
 15009 | Lair:6   | XOM: destruction
 15095 | Lair:6   | XOM: swap monsters
 15110 | Lair:6   | XOM: god gift: 34 gold pieces
 15305 | Lair:6   | XOM: enchant monster (bad)
 15396 | Lair:6   | XOM: divination: magic mapping
 15406 | Lair:6   | XOM: divination: detect creatures
 15434 | Lair:6   | XOM: polymorph hornet -> acid dragon
 15443 | Lair:6   | XOM: cleaving
 15447 | Lair:6   | XOM: mild Conj miscast
 15490 | Lair:6   | XOM: destruction
 15504 | Lair:6   | XOM: blink monster(s)
 15646 | Lair:6   | XOM: blink monster(s)
 15706 | Lair:6   | XOM: noise
 15863 | Lair:6   | XOM: polymorph water moccasin -> rime drake
 15940 | Lair:6   | XOM: enchant monster (bad)
 15948 | Lair:6   | XOM: summons 6 hostile demons
 16193 | Lair:6   | XOM: god gift: 2 potions of heal wounds
 16346 | Lair:6   | XOM: god gift: plate armour {god gift}
 16396 | Lair:6   | XOM: cloud trail
 16584 | D:10     | XOM: harmless Hex miscast
 16617 | Orc:1    | Entered Level 1 of the Orcish Mines
 16755 | Orc:1    | XOM: harmless Summ miscast
 16774 | Orc:1    | XOM: polymorph troll -> tarantella
 16860 | Orc:1    | Found a frozen archway.
 16861 | Orc:1    | XOM: destruction
 16888 | IceCv    | Entered an ice cave
 16912 | IceCv    | XOM: repel stairs
 17195 | Orc:1    | XOM: 2-stop teleportation journey
 17448 | Orc:1    | XOM: 2-stop teleportation journey
 17592 | Orc:1    | XOM: confuse monster(s)
 17670 | Orc:2    | Entered Level 2 of the Orcish Mines
 17681 | Orc:1    | XOM: silly message
 17696 | Orc:2    | XOM: destruction
 17697 | Orc:2    | Found Fiostrafa's Weapon Shop.
 17697 | Orc:2    | XOM: summons friendly rust devil
 17714 | Orc:2    | XOM: cast spell 'Summon Ice Beast'
 17715 | Orc:2    | XOM: polymorph red devil -> hellwing
 17716 | Orc:2    | XOM: scenery: 2 doors open
 17716 | Orc:2    | Found Ebauhese's Antique Armour Shoppe.
 17866 | Orc:1    | Reached XP level 14. HP: 105/105 MP: 17/17
 17872 | Orc:2    | XOM: enchant monster (good)
 17905 | Orc:2    | Found Dawe Meng's Jewellery Emporium.
 17905 | Orc:2    | Found a staircase to the Elven Halls.
 17905 | Orc:2    | XOM: 3-stop teleportation journey
 17912 | Orc:2    | Found Xeij's Antique Weapon Boutique.
 17919 | Orc:2    | XOM: summons friendly iron imp
 17931 | Orc:2    | XOM: swap monsters
 17932 | Orc:2    | XOM: divination: magic mapping
 18031 | Orc:2    | XOM: harmless Necr miscast
 18040 | Orc:2    | XOM: harmless Ice miscast
 18067 | Orc:2    | XOM: confuse monster(s)
 18127 | Orc:2    | XOM: cast spell 'Death Channel'
 18128 | Orc:2    | XOM: summons friendly crimson imp
 18411 | Orc:2    | XOM: divination: detect creatures
 18517 | Orc:2    | XOM: harmless Fire miscast
 18578 | Orc:2    | XOM: potion effect (haste)
 18599 | Orc:2    | XOM: harmless Summ miscast
 18610 | Orc:2    | XOM: harmless Summ miscast
 18748 | Orc:2    | XOM: silly message
 18764 | Orc:2    | Found Faem's Armour Boutique.
 18804 | Orc:2    | Reached skill level 10 in Shields
 18946 | Orc:2    | XOM: harmless Tmut miscast
 19134 | Orc:2    | Bought a translucent chain mail for 190 gold pieces
 19147 | Orc:2    | Identified the +1 chain mail of Uha Fuix {rF- rC+ Stlth+}
                  | (You bought it in a shop on level 2 of the Orcish Mines)
 19249 | D:10     | XOM: god gift: war axe {god gift}
 19271 | D:10     | XOM: enchant monster (bad)
 19496 | D:10     | Bought 2 potions of agility for 272 gold pieces
 19496 | D:10     | Bought a scroll labeled VUOFIT ABAKAOREG for 34 gold pieces
 19568 | D:11     | XOM: give mutations
 19568 | D:11     | Lost mutation: You possess an exceptional clarity of mind.
                  | [Xom's mischief]
 19568 | D:11     | Gained mutation: You occasionally shout uncontrollably at
                  | your foes. [Xom's mischief]
 19568 | D:11     | Gained mutation: Your body sometimes deteriorates upon
                  | taking damage. [Xom's mischief]
 19715 | D:12     | XOM: god gift: 4 datura-tipped darts
 19720 | D:12     | XOM: 1-stop teleportation journey
 19961 | D:12     | XOM: enchant monster (good)
 19971 | D:12     | XOM: silly message
 20142 | D:12     | Noticed Kirke
 20148 | D:12     | XOM: enchant monster (good)
 20150 | D:12     | XOM: harmless Tloc miscast
 20271 | D:12     | XOM: give mutation
 20271 | D:12     | Lost mutation: Your magical capacity is low. (-10% MP)
                  | [Xom's mischief]
 20494 | D:13     | XOM: harmless Ice miscast
 20571 | D:13     | XOM: 6-stop teleportation journey
 20905 | D:13     | XOM: medium Necr miscast
 21168 | D:12     | XOM: summons 4 hostile demons
 21230 | D:13     | XOM: give mutations
 21230 | D:13     | Lost mutation: Armour fits poorly on your strangely shaped
                  | body. [Xom's mischief]
 21230 | D:13     | Lost mutation: You are resistant to hostile enchantments.
                  | (MR+) [Xom's mischief]
 21230 | D:13     | Lost mutation: Your muscles are strong. (Str +2) [Xom's
                  | mischief]
 21231 | D:13     | Noticed Erolcha
 21243 | D:13     | Paralysed by Erolcha for 2 turns
 21248 | D:13     | Killed Erolcha
 21304 | D:13     | XOM: harmless Summ miscast
 21578 | D:13     | Noticed Snorg
 21588 | D:13     | XOM: fog
 21591 | D:13     | XOM: enchant monster (bad)
 21600 | D:13     | XOM: silly message
 21609 | D:13     | XOM: potion effect (haste)
 21622 | D:13     | Identified the +3 great mace of the Lettuce {protect,
                  | *Contam +Blink rC+ Dex+4}
 21627 | D:13     | Noticed a ghost moth
 21627 | D:13     | a vault guard changed into a ghost moth
 21627 | D:13     | XOM: polymorph vault guard -> ghost moth
 21643 | D:13     | XOM: cleaving
 21646 | D:13     | XOM: summons 3 friendly demons
 21651 | D:13     | XOM: cast spell 'Summon Mana Viper'
 21664 | D:13     | XOM: destruction
 21673 | D:13     | Killed a ghost moth
 21755 | D:13     | XOM: polymorph human -> black mamba
 21774 | D:13     | XOM: confuse monster(s)
 21782 | D:13     | XOM: harmless Ice miscast
 21792 | D:13     | XOM: confusion
 21797 | D:13     | XOM: summons 5 hostile demons
 21813 | D:13     | Killed Snorg
 21919 | D:13     | Found a gate to the Vaults.
 22193 | D:10     | XOM: noise
 22317 | Swamp:1  | Entered Level 1 of the Swamp
 22362 | Swamp:1  | XOM: blink monster(s)
 22364 | Swamp:1  | XOM: fog
 22365 | Swamp:1  | XOM: noise
 22366 | Swamp:1  | XOM: polymorph swamp dragon -> floating eye
 22369 | Swamp:1  | XOM: summons 2 friendly demons
 22375 | Swamp:1  | XOM: polymorph shadow imp -> quasit
 22385 | Swamp:1  | XOM: 8-stop teleportation journey
 22429 | Swamp:1  | XOM: mild Tloc miscast
 22550 | Swamp:1  | Noticed Louise
 22561 | Swamp:1  | Cast into level 3 of the Abyss (Louise)
 22612 | Abyss:3  | XOM: harmless Erth miscast
 22633 | Abyss:3  | XOM: noise
 22641 | Abyss:3  | Noticed a revenant
 22648 | Abyss:3  | Noticed an ophan
 22651 | Abyss:3  | XOM: harmless Chrm miscast
 22658 | Abyss:3  | Found a corrupted altar of Lugonu.
 22728 | Abyss:3  | XOM: harmless Tmut miscast
 22763 | Abyss:3  | XOM: silly message
 22891 | Abyss:3  | XOM: polymorph ynoxinul -> neqoxec
 22896 | Abyss:3  | XOM: enchant monster (bad)
 22897 | Abyss:3  | Noticed a tentacled starspawn
 22944 | Abyss:3  | Noticed a starcursed mass
 23013 | Abyss:3  | XOM: polymorph raiju -> yaktaur
 23030 | Abyss:3  | XOM: cast spell 'Cause Fear'
 23037 | Abyss:3  | Noticed a cacodemon
 23044 | Abyss:3  | Blown up by a cacodemon

Levels and vault maps discovered:
D:1:      minmay_arrival_loop, layout_loops_ring, minmay_pentomino_u4
D:2:      layout_loops_ring, nicolae_ashenzari_panopticon,
          nicolae_tso_swordbearing_angel, minmay_misc_feat_encased
D:3:      layout_loops_cross
D:4:      layout_basic, gammafunk_temple_overflow_elements,
          minmay_temple_entry_grid
D:5:      kennysheep_spiral_hall, layout_basic, lemuel_doored_altar,
          first_ration
D:6:      layout_loops_cross, grunt_dithmenos_smoke, minmay_parallelograms
D:7:      layout_basic, lemuel_round_altar, kennysheep_little_box
D:8:      layout_rooms, nicolae_overflow_crystal_walls
D:9:      layout_long_grid, david_lair_generic, basic_altar
D:10:     layout_basic, ebering_ghost_gozag
D:11:     layout_irregular_city, david_orc_3, basic_altar
D:12:     minmay_stone_box, layout_stronghold, uniq_kirke
D:13:     layout_loops_corners, ximxim_vaults_locker_room,
          hangedman_pestilent_swarm, uniq_erolcha, uniq_snorg
Lair:1:   layout_long_grid, minmay_stone_trees_medium, tgw_fedhas
Lair:2:   layout_cave_pods, spider_nest_entry_web_field, grunt_megastairs_2,
          serial_bayou_shore_b, uniq_gastronok
Lair:3:   layout_roguey, serial_bayou_pond_c, minivault_25
Lair:4:   layout_cave_pods, minmay_swamp_entry_worms, infiniplex_staircase_pool,
          grunt_megastairs_1
Lair:5:   layout_concentric_octagons, slime_altar_1, basic_altar,
          lemuel_fruit_fields, uniq_josephine
Lair:6:   minmay_lair_end_enchanted_forest, layout_cave_pods,
          grunt_forest_large_clearings
Swamp:1:  layout_basic_swamp, serial_swamp_ruin, evilmike_swamp_ruin_rubble_1,
          evilmike_swamp_ruin_wall, evilmike_swamp_ruin_house_2, uniq_louise
Orc:1:    layout_caves, portal_ice_cave_entry_imps
Orc:2:    st_orc_open, layout_caves, serial_shops, nicolae_shop_behind_doors,
          small_statue_alley_c, nicolae_orc_lava_room
Abyss:3:  base: Zig:7, hangedman_decor_points, evilmike_abyss_rune_tso_outpost,
          hangedman_abyss_rune_flesh_and_stone

Skill      XL: |  1  2  3  4  5  6  7  8  9 10 11 12 13 14 |
---------------+-------------------------------------------+-----
Fighting       | 3 4 5 6 7 8 |  8.2
Long Blades    | 4 5 6 7 8 9 10 11 12 | 12.2
Armour         | 1 2 3 4 5 |  5.3
Dodging        | 3 4 6 7 8 |  8.8
Stealth        | 1 2 3 4 6 8 10 12 | 12.7
Throwing       | 1 2 3 5 6 7 |  7.2
Evocations     | 1 2 3 5 7 9 |  9.0
Shields        | 3 5 8 12 | 12.1
Polearms       | |  0.6

Action                   |  1- 3 |  4- 6 |  7- 9 | 10-12 | 13-15 || total
-------------------------+-------+-------+-------+-------+-------++-------
Melee: Falchion          |    80 |   141 |   315 |   818 |  1394 ||  2748
       Bite              |     5 |    17 |    54 |   135 |   207 ||   418
       Spear             |       |       |    17 |       |       ||    17
       Scimitar          |       |       |       |       |    23 ||    23
Throw: Stone             |     2 |       |     2 |       |       ||     4
       Dart              |       |    51 |   138 |   242 |   219 ||   650
       Boomerang         |       |       |     5 |       |       ||     5
Evoke: Wand              |       |       |    15 |    16 |    38 ||    69
  Use: Scroll            |       |     4 |     9 |    16 |    20 ||    49
       Potion            |       |     2 |    10 |     1 |    14 ||    27
 Stab: Paralysed         |       |     1 |     7 |    20 |    40 ||    68
       Sleeping          |       |     1 |     2 |     9 |     9 ||    21
       Confused          |       |       |     3 |    12 |    11 ||    26
       Petrified         |       |       |     2 |    28 |     2 ||    32
       Distracted        |       |       |     1 |     2 |     5 ||     8
       Petrifying        |       |       |       |     2 |     4 ||     6
Armor: Leather armour    |    33 |    36 |    99 |    92 |       ||   260
       Skin              |       |       |    10 |    19 |     3 ||    32
       Troll leather arm |       |       |       |    70 |   265 ||   335
Dodge: Dodged            |    52 |   102 |   281 |   477 |   776 ||  1688
Block: Shield            |       |       |       |   341 |   983 ||  1324
       Rpst.: Falchion   |    15 |    26 |    92 |   124 |   168 ||   425
       Scimitar          |       |       |       |       |     1 ||     1

Table legend:
 A = Non-vault XP
 B = Vault XP
 C = Vault XP percentage of total XP
 D = Non-vault monster count
 E = Vault monster count
 F = Vault count percentage of total count
                 A         B        C        D         E       F
            +---------+---------+-------+---------+---------+-------
      Total |   62891 |   37451 |  37.3 |     538 |     170 |  24.0
            +---------+---------+-------+---------+---------+-------
        D:1 |      20 |       2 |   9.1 |       9 |       1 |  10.0
        D:2 |      88 |       0 |   0.0 |      23 |       0 |   0.0
        D:3 |     220 |       0 |   0.0 |      19 |       0 |   0.0
        D:4 |     368 |       0 |   0.0 |      24 |       0 |   0.0
        D:5 |     560 |     154 |  21.6 |      19 |       3 |  13.6
        D:6 |     880 |       0 |   0.0 |      30 |       0 |   0.0
        D:7 |     868 |       0 |   0.0 |      30 |       0 |   0.0
        D:8 |    2404 |       0 |   0.0 |      45 |       0 |   0.0
        D:9 |    1315 |    1331 |  50.3 |      17 |       4 |  19.0
       D:10 |    2507 |     152 |   5.7 |      33 |       5 |  13.2
       D:11 |    3711 |     538 |  12.7 |      27 |       4 |  12.9
       D:12 |    3778 |     963 |  20.3 |      23 |       7 |  23.3
       D:13 |    4239 |    6490 |  60.5 |      30 |      15 |  33.3
     Lair:1 |    2238 |       0 |   0.0 |      14 |       0 |   0.0
     Lair:2 |    2544 |    2341 |  47.9 |      12 |       2 |  14.3
     Lair:3 |    1258 |       0 |   0.0 |       6 |       0 |   0.0
     Lair:4 |    7189 |     928 |  11.4 |      26 |       4 |  13.3
     Lair:5 |    5618 |    1671 |  22.9 |      20 |       5 |  20.0
     Lair:6 |    3686 |   10510 |  74.0 |      15 |      78 |  83.9
    Swamp:1 |    7448 |       0 |   0.0 |      22 |       0 |   0.0
      Orc:1 |    3208 |      43 |   1.3 |      37 |       5 |  11.9
      Orc:2 |    5399 |   10934 |  66.9 |      45 |      29 |  39.2
    Abyss:3 |    3345 |     214 |   6.0 |      12 |       1 |   7.7
      IceCv |       0 |    1180 | 100.0 |       0 |       7 | 100.0
            +---------+---------+-------+---------+---------+-------
